TOP OF THE 1ST |
San Jose Giants batting - Pitching for Biloxi Shuckers : RHP Brett Rosinsky
|
Pitching: RHP Brett Rosinsky
|
|
Batting: RHB Devin Lowery
|
0-0: Foul Ball, location: 2F 0-1: Ball 1-1: Ball 2-1: Called Strike 2-2: Strikes out looking
|
Batting: RHB Josh Lippens
|
0-0: Called Strike 0-1: Ball 1-1: Ball 2-1: SINGLE (Line Drive, 34D, EV 96.9 MPH)
|
Batting: RHB Mike Buchanan
|
0-0: Called Strike 0-1: Ball 1-1: Swinging Strike 1-2: Foul Ball, location: 2F 1-2: Fly out, F5 (Flyball, 56D, EV 83.1 MPH)
|
Batting: LHB J.P. Olson
|
0-0: Called Strike 0-1: Ball 1-1: Ground out 4-3 (Groundball, 4, EV 92.5 MPH)
|
Top of the 1st over - 0 runs, 1 hit, 0 errors, 1 left on base; San Jose 0 - Biloxi 0 |
BOTTOM OF THE 1ST |
Biloxi Shuckers batting - Pitching for San Jose Giants : RHP Dan Post
|
Pitching: RHP Dan Post
|
|
Batting: RHB Logan Morgan
|
0-0: Ball 1-0: Ground out 6-3 (Groundball, 6MS, EV 71.2 MPH)
|
Batting: RHB Joe LaDue
|
0-0: Ball 1-0: Ball 2-0: SINGLE (Groundball, 6M, EV 106.2 MPH) (infield hit)
|
Batting: LHB Alfredo de la Cruz
|
0-0: Ball Joe LaDue steals 2nd base 1-0: Swinging Strike 1-1: Fly out, F7 (Flyball, 7D, EV 90.0 MPH) Runner from 2nd tags up, SAFE at 3rd, no throw by LF
|
Batting: RHB Eddie McCoy
|
0-0: Ball 1-0: Fly out, F9 (Flyball, 9LM, EV 90.0 MPH)
|
Bottom of the 1st over - 0 runs, 1 hit, 0 errors, 1 left on base; San Jose 0 - Biloxi 0 |
TOP OF THE 2ND |
San Jose Giants batting - Pitching for Biloxi Shuckers : RHP Brett Rosinsky
|
Batting: RHB Doug Kennie
|
0-0: Ball 1-0: Swinging Strike 1-1: Ground out 6-3 (Groundball, 6, EV 90.6 MPH)
|
Batting: LHB Pong-keun Koh
|
0-0: Ball 1-0: Ball 2-0: Ball 3-0: Called Strike 3-1: Base on Balls
|
Batting: LHB Juan Gonzalez
|
0-0: Ball 1-0: Swinging Strike 1-1: SINGLE (Groundball, 34, EV 83.1 MPH) (infield hit) Pong-keun Koh to second
|
Batting: RHB Micah McErlean
|
0-0: Called Strike 0-1: Swinging Strike 0-2: Foul Ball, location: 2F 0-2: Ball 1-2: Fly out, F9 (Flyball, 9D, EV 100.0 MPH) Runner from 2nd tags up, SAFE at 3rd with throw by RF
|
Batting: RHB Gabe Ochoa
|
0-0: SINGLE (Flyball, 5D, EV 93.1 MPH) Pong-keun Koh scores Juan Gonzalez to second
|
Batting: RHB Devin Lowery
|
0-0: Called Strike 0-1: Ball 1-1: Foul Ball, location: 2F 1-2: Strikes out looking
|
Top of the 2nd over - 1 run, 2 hits, 0 errors, 2 left on base; San Jose 1 - Biloxi 0 |
BOTTOM OF THE 2ND |
Biloxi Shuckers batting - Pitching for San Jose Giants : RHP Dan Post
|
Batting: RHB Vinny Estrada
|
0-0: Fly out, F9 (Flyball, 89D, EV 95.6 MPH)
|
Batting: RHB Tim Lively
|
0-0: Foul Ball, location: 2F 0-1: Ball 1-1: Ball 2-1: Foul Ball, location: 2F 2-2: Foul Ball, location: 2F 2-2: Ground out 1-3 (Groundball, P, EV 68.8 MPH)
|
Batting: RHB Nick Garland
|
0-0: Ball 1-0: Called Strike 1-1: Ground out 4-3 (Groundball, 4M, EV 109.4 MPH)
|
Bottom of the 2nd over - 0 runs, 0 hits, 0 errors, 0 left on base; San Jose 1 - Biloxi 0 |
TOP OF THE 3RD |
San Jose Giants batting - Pitching for Biloxi Shuckers : RHP Brett Rosinsky
|
Batting: RHB Josh Lippens
|
0-0: Ball 1-0: Ball 2-0: Ball 3-0: Called Strike 3-1: Ground out 4-3 (Groundball, 4, EV 98.8 MPH)
|
Batting: RHB Mike Buchanan
|
0-0: Ball 1-0: Called Strike 1-1: Called Strike 1-2: Foul Ball, location: 2F 1-2: SINGLE (Groundball, 6MD, EV 103.1 MPH)
|
Batting: LHB J.P. Olson
|
0-0: Ball 1-0: Foul Ball, location: 2F 1-1: Ball 2-1: Foul Ball, location: 2F 2-2: Ground out U3 (Groundball, 3, EV 85.0 MPH) Mike Buchanan to second
|
Batting: RHB Doug Kennie
|
0-0: Ball 1-0: Swinging Strike 1-1: Called Strike 1-2: Foul Ball, location: 2F 1-2: Strikes out looking
|
Top of the 3rd over - 0 runs, 1 hit, 0 errors, 1 left on base; San Jose 1 - Biloxi 0 |
BOTTOM OF THE 3RD |
Biloxi Shuckers batting - Pitching for San Jose Giants : RHP Dan Post
|
Batting: RHB Nick Spiller
|
0-0: Foul Ball, location: 2F 0-1: Called Strike 0-2: Foul Ball, location: 2F 0-2: Ball 1-2: Strikes out swinging
|
Batting: RHB John Freeman
|
0-0: Ball 1-0: Ball 2-0: Called Strike 2-1: Foul Ball, location: 2F 2-2: Ball 3-2: Foul Ball, location: 2F 3-2: Strikes out swinging, 2-3 out at first.
|
Batting: RHB Logan Morgan
|
0-0: Called Strike 0-1: Swinging Strike 0-2: Strikes out looking
|
Bottom of the 3rd over - 0 runs, 0 hits, 0 errors, 0 left on base; San Jose 1 - Biloxi 0 |
TOP OF THE 4TH |
San Jose Giants batting - Pitching for Biloxi Shuckers : RHP Brett Rosinsky
|
Batting: LHB Pong-keun Koh
|
0-0: Called Strike 0-1: Swinging Strike 0-2: Foul Ball, location: 2F 0-2: Ball 1-2: Strikes out swinging
|
Batting: LHB Juan Gonzalez
|
0-0: Ground out 2-3 (Groundball, 2R, EV 65.0 MPH)
|
Batting: RHB Micah McErlean
|
0-0: Ball 1-0: Ball 2-0: Ground out 5-3 (Groundball, 56, EV 83.1 MPH)
|
Top of the 4th over - 0 runs, 0 hits, 0 errors, 0 left on base; San Jose 1 - Biloxi 0 |
BOTTOM OF THE 4TH |
Biloxi Shuckers batting - Pitching for San Jose Giants : RHP Dan Post
|
Batting: RHB Joe LaDue
|
0-0: Called Strike 0-1: Called Strike 0-2: Ball 1-2: Foul Ball, location: 2F 1-2: Foul Ball, location: 2F 1-2: Fly out, F8 (Flyball, 8LM, EV 96.9 MPH)
|
Batting: LHB Alfredo de la Cruz
|
0-0: Ball 1-0: Swinging Strike 1-1: Called Strike 1-2: Ball 2-2: Ball 3-2: Fly out, F8 (Flyball, 8RD, EV 88.1 MPH)
|
Batting: RHB Eddie McCoy
|
0-0: Called Strike 0-1: Ball 1-1: SINGLE (Groundball, 56D, EV 94.4 MPH)
|
Batting: RHB Vinny Estrada
|
0-0: SINGLE (Groundball, 6M, EV 78.8 MPH) (infield hit) Eddie McCoy to second
|
Batting: RHB Tim Lively
|
0-0: Ball 1-0: Foul Ball, location: 2F 1-1: Foul Ball, location: 2F 1-2: Strikes out swinging
|
Bottom of the 4th over - 0 runs, 2 hits, 0 errors, 2 left on base; San Jose 1 - Biloxi 0 |
TOP OF THE 5TH |
San Jose Giants batting - Pitching for Biloxi Shuckers : RHP Brett Rosinsky
|
Batting: RHB Gabe Ochoa
|
0-0: Ball 1-0: Foul Ball, location: 2F 1-1: Ball 2-1: Ball 3-1: Base on Balls
|
Batting: RHB Devin Lowery
|
0-0: Ball 1-0: Called Strike 1-1: Ball 2-1: Foul Ball, location: 2F 2-2: Foul Ball, location: 2F 2-2: Grounds into double play, 6-4-3 (Groundball, 6, EV 85.6 MPH)
|
Batting: RHB Josh Lippens
|
0-0: Foul Ball, location: 2F 0-1: Ball 1-1: DOUBLE (Groundball, 5L, EV 103.1 MPH)
|
Batting: RHB Mike Buchanan
|
0-0: Ball 1-0: Called Strike 1-1: Fly out, F9 (Flyball, 89D, EV 105.0 MPH)
|
Top of the 5th over - 0 runs, 1 hit, 0 errors, 1 left on base; San Jose 1 - Biloxi 0 |
BOTTOM OF THE 5TH |
Biloxi Shuckers batting - Pitching for San Jose Giants : RHP Dan Post
|
Batting: RHB Nick Garland
|
0-0: Foul Ball, location: 2F 0-1: Ground out 6-3 (Groundball, 6, EV 81.9 MPH)
|
Batting: RHB Nick Spiller
|
0-0: Ball 1-0: Ball 2-0: Ground out 4-3 (Groundball, 4, EV 88.1 MPH)
|
Batting: RHB John Freeman
|
0-0: Ball 1-0: Ground out 3-1 (Groundball, 34S, EV 91.9 MPH)
|
Bottom of the 5th over - 0 runs, 0 hits, 0 errors, 0 left on base; San Jose 1 - Biloxi 0 |
TOP OF THE 6TH |
San Jose Giants batting - Pitching for Biloxi Shuckers : RHP Brett Rosinsky
|
Batting: LHB J.P. Olson
|
0-0: Ball 1-0: Ball 2-0: Foul Ball, location: 2F 2-1: Ball 3-1: SINGLE (Groundball, 4M, EV 102.5 MPH) (infield hit)
|
Batting: RHB Doug Kennie
|
0-0: Called Strike 0-1: Foul Ball, location: 2F 0-2: Ball 1-2: Ball 2-2: Ground out 5-3 (Groundball, 56, EV 89.4 MPH) J.P. Olson to second
|
Pitching: RHP Mike Ellinwood
|
|
Batting: LHB Pong-keun Koh
|
0-0: Called Strike 0-1: Ball 1-1: Called Strike 1-2: Ball 2-2: DOUBLE (Flyball, 8LXD, EV 96.2 MPH) J.P. Olson scores
|
Batting: LHB Juan Gonzalez
|
0-0: Called Strike 0-1: Swinging Strike 0-2: Foul Ball, location: 2F 0-2: Strikes out swinging
|
Batting: RHB Micah McErlean
|
0-0: Ground out 5-3 (Groundball, 56S, EV 67.5 MPH)
|
Top of the 6th over - 1 run, 2 hits, 0 errors, 1 left on base; San Jose 2 - Biloxi 0 |
BOTTOM OF THE 6TH |
Biloxi Shuckers batting - Pitching for San Jose Giants : RHP Dan Post
|
Batting: RHB Logan Morgan
|
0-0: Ball 1-0: Called Strike 1-1: Reached on error, E5 (Groundball, 5L, EV 100.0 MPH)
|
Batting: RHB Joe LaDue
|
0-0: Ball 1-0: Foul Ball, location: 2F 1-1: Fly out, F4 (Popup, 34D, EV 65.6 MPH)
|
Batting: LHB Alfredo de la Cruz
|
0-0: Ball 1-0: Called Strike 1-1: Ball 2-1: Foul Ball, location: 2F 2-2: Strikes out looking
|
Batting: RHB Eddie McCoy
|
0-0: Called Strike 0-1: Called Strike 0-2: Foul Ball, location: 2F 0-2: Foul Ball, location: 2F 0-2: Ball 1-2: Foul Ball, location: 2F 1-2: Ball 2-2: Strikes out swinging
|
Bottom of the 6th over - 0 runs, 0 hits, 1 error, 1 left on base; San Jose 2 - Biloxi 0 |
TOP OF THE 7TH |
San Jose Giants batting - Pitching for Biloxi Shuckers : RHP Mike Ellinwood
|
Batting: RHB Gabe Ochoa
|
0-0: Foul Ball, location: 2F 0-1: Ball 1-1: Foul Ball, location: 2F 1-2: Ball 2-2: Foul Ball, location: 2F 2-2: Foul Ball, location: 2F 2-2: Strikes out swinging
|
Batting: RHB Devin Lowery
|
0-0: Ball 1-0: Called Strike 1-1: Ball 2-1: Foul Ball, location: 2F 2-2: Ball 3-2: Strikes out looking
|
Batting: RHB Josh Lippens
|
0-0: Called Strike 0-1: Ball 1-1: Ball 2-1: Swinging Strike 2-2: Ball 3-2: Foul Ball, location: 2F 3-2: Base on Balls
|
Batting: RHB Mike Buchanan
|
0-0: Fly out, F4 (Popup, 3DF, EV 68.8 MPH)
|
Top of the 7th over - 0 runs, 0 hits, 0 errors, 1 left on base; San Jose 2 - Biloxi 0 |
BOTTOM OF THE 7TH |
Biloxi Shuckers batting - Pitching for San Jose Giants : RHP Dan Post
|
Batting: RHB Vinny Estrada
|
0-0: Swinging Strike 0-1: Called Strike 0-2: Ground out 4-3 (Groundball, 4, EV 82.5 MPH)
|
Batting: RHB Tim Lively
|
0-0: Foul Ball, location: 2F 0-1: Ground out U3 (Groundball, 3, EV 90.0 MPH)
|
Batting: RHB Nick Garland
|
0-0: Ball 1-0: Foul Ball, location: 2F 1-1: Ball 2-1: Ball 3-1: Base on Balls
|
Batting: RHB Nick Spiller
|
0-0: Called Strike 0-1: Ball 1-1: Ball 2-1: Called Strike 2-2: Strikes out swinging
|
Bottom of the 7th over - 0 runs, 0 hits, 0 errors, 1 left on base; San Jose 2 - Biloxi 0 |
TOP OF THE 8TH |
San Jose Giants batting - Pitching for Biloxi Shuckers : RHP Mike Ellinwood
|
Pitching: RHP Nick Butler
|
|
Batting: LHB J.P. Olson
|
0-0: Swinging Strike 0-1: Foul Ball, location: 2F 0-2: Ball 1-2: Ball 2-2: Fly out, F2 (Popup, 25F, EV 92.5 MPH)
|
Batting: RHB Doug Kennie
|
0-0: Called Strike 0-1: Called Strike 0-2: Ball 1-2: Ball 2-2: Foul Ball, location: 2F 2-2: Foul Ball, location: 2F 2-2: Strikes out swinging
|
Batting: LHB Pong-keun Koh
|
0-0: Ball 1-0: Foul Ball, location: 2F 1-1: SOLO HOME RUN (Flyball, 7D, EV 96.2 MPH), Distance : 365 ft
|
Batting: LHB Juan Gonzalez
|
0-0: Ball 1-0: Ball 2-0: Ball 3-0: Foul Ball, location: 2F 3-1: Base on Balls
|
Batting: RHB Micah McErlean
|
0-0: Ball 1-0: Foul Ball, location: 2F 1-1: Ball 2-1: Ball 3-1: Foul Ball, location: 2F 3-2: Strikes out swinging
|
Top of the 8th over - 1 run, 1 hit, 0 errors, 1 left on base; San Jose 3 - Biloxi 0 |
BOTTOM OF THE 8TH |
Biloxi Shuckers batting - Pitching for San Jose Giants : RHP Dan Post
|
Pitching: RHP Brian Yinger
|
|
Batting: RHB John Freeman
|
0-0: Called Strike 0-1: Ball 1-1: SINGLE (Groundball, 56D, EV 103.8 MPH)
|
Batting: RHB Logan Morgan
|
0-0: Ball 1-0: Ball 2-0: Ball 3-0: Base on Balls John Freeman to second
|
Pinch Hitting: LHB Joe Vida
|
0-0: Ball 1-0: Foul Ball, location: 2F 1-1: Foul Ball, location: 2F 1-2: Strikes out swinging
|
Batting: LHB Alfredo de la Cruz
|
0-0: Ball 1-0: Ball 2-0: Ball 3-0: Base on Balls John Freeman to third Logan Morgan to second
|
Batting: RHB Eddie McCoy
|
0-0: Foul Ball, location: 2F 0-1: Foul Ball, location: 2F 0-2: Strikes out swinging
|
Batting: RHB Vinny Estrada
|
0-0: Ball 1-0: Ball 2-0: Ball 3-0: Fly out, F7 (Flyball, 78D, EV 92.5 MPH)
|
Bottom of the 8th over - 0 runs, 1 hit, 0 errors, 3 left on base; San Jose 3 - Biloxi 0 |
TOP OF THE 9TH |
San Jose Giants batting - Pitching for Biloxi Shuckers : RHP Nick Butler
|
Pitching: RHP Jeff Swomley
|
|
Now at SS: Aaron Mobley
|
|
Batting: RHB Gabe Ochoa
|
0-0: Ball 1-0: SINGLE (Line Drive, 7LS, EV 103.8 MPH)
|
Batting: RHB Devin Lowery
|
0-0: Ball 1-0: Fielders Choice at 2nd, 6-4 (Groundball, 6, EV 107.5 MPH)
|
Batting: RHB Josh Lippens
|
0-0: Ball 1-0: Ball 2-0: Swinging Strike 2-1: Called Strike 2-2: Ball 3-2: Fly out, F4 (Line Drive, 4, EV 66.9 MPH)
|
Batting: RHB Mike Buchanan
|
0-0: Called Strike 0-1: Ball 1-1: Ball 2-1: Foul Ball, location: 2F Pickoff Throw to First - Error! E1 Devin Lowery to second 2-2: Strikes out looking
|
Top of the 9th over - 0 runs, 1 hit, 1 error, 1 left on base; San Jose 3 - Biloxi 0 |
BOTTOM OF THE 9TH |
Biloxi Shuckers batting - Pitching for San Jose Giants : RHP Brian Yinger
|
Pitching: RHP Takashi Kino
|
|
Batting: RHB Tim Lively
|
0-0: SINGLE (Line Drive, 4MD, EV 106.2 MPH)
|
Batting: RHB Nick Garland
|
0-0: Called Strike 0-1: Foul Ball, location: 2F 0-2: Strikes out swinging
|
Batting: RHB Nick Spiller
|
0-0: Called Strike 0-1: Fly out, F8 (Flyball, 8RD, EV 93.8 MPH)
|
Batting: RHB John Freeman
|
0-0: Ball 1-0: Fly out, F9 (Line Drive, 89S, EV 113.1 MPH)
|
Bottom of the 9th over - 0 runs, 1 hit, 0 errors, 1 left on base; San Jose 3 - Biloxi 0 |
|